 Dungeon Crawl Stone Soup version 0.31.0-12-g77e489cdc1 (webtiles) character file.

Game seed: 5203990586816611118

171 McKennaii the Conjurer (level 5, -4/57 HPs)
             Began as a Demigod Conjurer on Feb 25, 2024.
             Slain by a crocodile (11 damage)
             ... in a sewer.
             The game lasted 00:03:37 (2328 turns).

McKennaii the Conjurer (Demigod Conjurer)           Turns: 2328, Time: 00:03:38

Health: -4/57      AC: 22    Str:  5 (8)  XL:     5   Next: 5%
Magic:  1/13       EV:  2    Int: 22 (24) God:
Gold:   105        SH:  0    Dex: 11 (12) Spells: 4/11 levels left

rFire   . . .        l - staff of air
rCold   . . .        (no shield)
rNeg    . . .        a - melded +0 robe
rPois   +            m - melded +0 helmet
rElec   +            (cloak currently unavailable)
rCorr   .            (gloves currently unavailable)
SInv    .            f - melded +0 pair of boots
Will    +....        (no amulet)
Stlth   ++           (no ring)
HPRegen 0.29/turn    (no ring)
MPRegen 0.13/turn

%: no passive effects
@: tree-form, enlightened
A: stationary, stasis, torment immunity, boosted hp, high MP 1, forlorn, divine
attributes
a: no special abilities


You were in a sewer.
You were a tree.
You visited 1 branch of the dungeon, and saw 3 of its levels.
You also visited: Sewer.

You collected 105 gold pieces.

Inventory:

Armour
 a - a +0 robe (melded)
 f - a +0 pair of boots (melded)
 m - a +0 helmet (melded)
 o - +0 gold dragon scales
Magical Staves
 l - a staff of air (weapon)
Scrolls
 h - a scroll of identify {unknown}
 i - a scroll of fog {unknown}
 j - 2 scrolls of revelation {unknown}
 k - a scroll of enchant armour {unknown}
 p - a scroll of teleportation {unknown}
Potions
 b - a potion of magic
 c - a potion of curing


   Skills:
 - Level 1.7 Dodging
 - Level 1.7 Stealth
 + Level 3.5 Spellcasting
 + Level 4.9 Conjurations


You had 4 spell levels left.
You knew the following spells:

 Your Spells              Type           Power      Damage    Failure   Level
a - Magic Dart            Conj           100%       1d8       1%          1
b - Searing Ray           Conj           50%        2d6       2%          2
c - Iskenderun's Mystic   Conj/Tloc      14%        2d5       38%         4

Your spell library contained the following spells:

 Spells                   Type           Power      Damage    Failure   Level
 Fulminant Prism          Conj/Alch      7%         3d7       38%         4


Dungeon Overview and Level Annotations

Branches:
Dungeon (3/15)              Sewer (1/1)


Innate Abilities, Weirdness & Mutations

You are a tree.
Your roots penetrate the ground, keeping you stationary.
You cannot be teleported.
You are immune to unholy pain and torment.
Your maximum health is greatly increased.
Your equipment is partially melded.
You have an increased reservoir of magic. (+10% MP)
You shall have no god before yourself.
Your divine heritage dramatically boosts your attributes as you level up.


Message History

The crocodile is almost dead.
You feel yourself slow down.
The crocodile bites you but does no damage.
You hit the crocodile but do no damage.
The crocodile is almost dead.
The crocodile bites you but does no damage.
You barely miss the crocodile.
The crocodile is almost dead.
The crocodile bites you.
* * * LOW HITPOINT WARNING * * *
Casting: Magic Dart (safe; 1% risk of failure)
Confirm with . or Enter, or press ? or * to list all spells.
Aiming: Magic Dart (safe; 1% risk of failure)
Press: ? - help, Shift-Dir - straight line, f/p - crocodile
Aim: a crocodile (almost dead, 100% to hit)
The magic dart hits the crocodile.
The crocodile is almost dead.
The crocodile bites you but does no damage.
Unknown command.
Unknown command.
You closely miss the crocodile.
The crocodile is almost dead.
The crocodile bites you.
* * * LOW HITPOINT WARNING * * *
The crocodile bites you.
* * * LOW HITPOINT WARNING * * *
You hit the crocodile.
The crocodile is almost dead.
The crocodile bites you but does no damage.
You miss the crocodile.
The crocodile is almost dead.
The crocodile bites you but does no damage.
You closely miss the crocodile.
The crocodile is almost dead.
The crocodile bites you!
* * * LOW HITPOINT WARNING * * *
You hit the crocodile but do no damage. Your punch misses the crocodile.
The crocodile is almost dead.
The crocodile bites you!
You die...

...≈≈≈...#######†####
∩.≈≈≈≈≈......l.††...#
...≈≈≈...#######†####
#...≈...## #.#
##.....## #.# #######
#.# #.# #l# #♣# ###


You could see a crocodile.

Vanquished Creatures
  A brain worm (Sewer)
  Terence (D:2)
  Robin (D:2)
  2 adders
  A dart slug (D:2)
  A ribbon worm (D:2)
  2 ball pythons
  10 bats
  8 endoplasms
  A giant cockroach (D:1)
  10 goblins
  3 hobgoblins (D:2)
  3 kobolds (D:1)
  3 rats
47 creatures vanquished.

Notes
Turn   | Place    | Note
-------+----------+-------------------------------------------
     0 | D:1      | McKennaii the Demigod Conjurer began the quest for the Orb.
     0 | D:1      | Reached XP level 1. HP: 14/14 MP: 5/5
   380 | D:1      | Reached XP level 2. HP: 20/20 MP: 4/7
   383 | D:1      | Learned a level 2 spell: Searing Ray
   905 | D:1      | Reached skill level 4 in Conjurations
  1177 | D:2      | Reached XP level 3. HP: 26/26 MP: 1/9
  1243 | D:2      | Noticed Terence
  1250 | D:2      | Killed Terence
  1571 | D:2      | Noticed Robin
  1589 | D:2      | Killed Robin
  1590 | D:2      | Reached XP level 4. HP: 26/33 MP: 3/11
  1963 | D:2      | Learned a level 4 spell: Iskenderun's Mystic Blast
  2008 | D:3      | Found a glowing drain.
  2039 | Sewer    | Entered a sewer
  2094 | Sewer    | Noticed a brain worm
  2099 | Sewer    | Killed a brain worm
  2100 | Sewer    | Reached XP level 5. HP: 32/38 MP: 2/13
  2233 | Sewer    | Noticed a crocodile
  2328 | Sewer    | Slain by a crocodile

Illustrated notes

Levels and vault maps discovered:
D:1:      dpeg_arrival_pond, layout_loops_ring
D:2:      layout_rooms, minmay_misc_feat_columns, uniq_robin, uniq_terence
D:3:      layout_rooms, portal_sewer_entry_d, minmay_door_square
Sewer:    sewer_big_baddie

Skill      XL: |  1  2  3 |
---------------+----------+-----
Spellcasting   | 2 3 |  3.5
Conjurations   | 4 |  4.9
Dodging        | |  1.7
Stealth        | |  1.7

Action                     |  1- 3 |  4- 6 || total
---------------------------+-------+-------++-------
  Melee: Unarmed           |     4 |       ||     4
         Staff             |       |    18 ||    18
   Cast: Magic Dart        |    56 |    24 ||    80
         Searing Ray       |     5 |     8 ||    13
    Use: Potion            |       |     5 ||     5
 Armour: Robe              |     8 |    15 ||    23
         Skin              |       |    11 ||    11
  Dodge: Dodged            |    14 |    20 ||    34
